 Dungeon Crawl Stone Soup version 0.26.0-16-gc1dbca0489 (webtiles) character file.

Game seed: 3302790848161121748

1891 kaeus the Sneak (level 9, -11/51 HPs)
             Began as an Octopode Hedge Wizard on Jan 21, 2021.
             Mangled by a yak (17 damage)
             ... on level 7 of the Dungeon.
             The game lasted 00:21:30 (11510 turns).

kaeus the Sneak (Octopode Hedge Wizard)            Turns: 11510, Time: 00:21:31

Health: -11/51     AC:  6    Str:  9    XL:     9   Next: 15%
Magic:  32/34      EV: 15    Int: 25    God:
Gold:   482        SH:  8    Dex: 12    Spells: 8/18 levels left

rFire    . . .     SeeInvis .   E - +1 morningstar (protect)
rCold    . . .     Faith    +   a - +3 buckler {AC+3}
rNeg     . . .     Spirit   .   m - +2 hat
rPois    +         Reflect  .   p - amulet of faith
rElec    .         Harm     .   j - ring of magical power
rCorr    .         Rampage  .   n - +6 ring of intelligence
Will     .....                  h - ring of magical power
Stlth    ++++......             u - ring of poison resistance
HPRegen  0.17/turn              (no ring)
MPRegen  0.24/turn              (no ring)
                                (no ring)
                                (no ring)

@: no status effects
A: almost no armour, stealthy swim, amphibious, 8 rings, constrict 8, camouflage
1, gelatinous body 1
a: no special abilities


You were on level 7 of the Dungeon.
You visited 2 branches of the dungeon, and saw 9 of its levels.

You collected 482 gold pieces.

Inventory:

Hand Weapons
 g - a +3 dagger
 o - a +2 short sword of venom
 r - the +3 rapier "Pushatz" {vorpal, +Inv Str-5 Int+2}
   (You found it on level 7 of the Dungeon)

   It inflicts extra damage upon your enemies.
   It affects your strength (-5).
   It affects your intelligence (+2).
   It lets you turn invisible.
 E - a +1 morningstar of protection (weapon)
Armour
 a - a +3 buckler of protection (worn)
 m - a +2 hat (worn)
Jewellery
 h - a ring of magical power (on tentacle)
 j - a ring of magical power (left tentacle)
 n - a +6 ring of intelligence (right tentacle)
 p - an amulet of faith (around mantle)
 u - a ring of poison resistance (on tentacle)
Wands
 l - a wand of paralysis (6)
 y - a wand of disintegration (35)
 B - a wand of polymorph (12)
Scrolls
 b - a scroll of identify
 k - 5 scrolls of amnesia
 q - a scroll of remove curse
 v - a scroll of enchant weapon {unknown}
 x - 3 scrolls of teleportation
 z - 2 scrolls of immolation
 A - a scroll of blinking {unknown}
 C - a scroll of noise {unknown}
Potions
 c - 4 potions of might
 d - a potion of haste {unknown}
 e - 2 potions of lignification
 f - 4 potions of flight {unknown}
 i - 4 potions of brilliance {unknown}
 s - 3 potions of attraction
 t - 4 potions of curing
 w - 2 potions of mutation {unknown}
 D - 2 potions of degeneration {unknown}


   Skills:
 + Level 4.8 Dodging
 + Level 7.1 Stealth
 - Level 4.0 Shields
 + Level 5.1 Spellcasting
 - Level 2.3 Conjurations
 - Level 2.0 Hexes
 - Level 2.2 Summonings
 + Level 4.5 Translocations
 + Level 3.9 Air Magic


You had 8 spell levels left.
You knew the following spells:

 Your Spells              Type           Power        Failure   Level
a - Magic Dart            Conj           68%          3%          1
b - Call Imp              Summ           17%          4%          2
c - Blink                 Tloc           N/A          1%          2
d - Slow                  Hex            16%          5%          2
e - Mephitic Cloud        Conj/Pois/Air  16%          11%         3

Your spell library contained the following spells:

 Spells                   Type           Power        Failure   Level
 Conjure Flame            Conj/Fire      12%          16%         3


Dungeon Overview and Level Annotations

Branches:
Dungeon (8/15)             Temple (1/1) D:7
   Lair: D:8-11

Altars:
Ashenzari
Cheibriados
Dithmenos
Hepliaklqana
Kikubaaqudgha
Makhleb
Nemelex Xobeh
Okawaru
Ru
Sif Muna
Uskayaw
Vehumet
Wu Jian
Xom
Zin
The Shining One

Shops:
D:4 (

Annotations:
D:7 4 runed translucent doors


Innate Abilities, Weirdness & Mutations

You cannot wear most types of armour.
You are very stealthy in the water. (Stealth+)
You are amphibious.
You can wear up to eight rings at the same time.
You can use your tentacles to constrict eight enemies at once.
Your skin changes colour to match your surroundings (Stealth+).
Your rubbery body absorbs attacks. (AC +1, EV +1)


Message History

You barely miss the yak.
The yak is almost dead.
The yak gores you!
* * * LOW HITPOINT WARNING * * *
The yak gores you.
* * * LOW HITPOINT WARNING * * *
You take 14 damage, and have 5/51 hp.
MASSIVE DAMAGE!!
There is a stone staircase leading up here.
The yak barely misses you.
You climb upwards.
Level annotation: 4 runed translucent doors
There is a stone staircase leading down here.
Casting: Magic Dart (safe; 3% risk of failure)
Confirm with . or Enter, or press ? or * to list all spells.
Aiming: Slow (safe; 5% risk of failure)
Press: ? - help, Shift-Dir - straight line, f - yak
Aim: a yak (almost dead, chance to affect: 53%)
The yak resists with significant effort.
The yak gores you!
You die...

..#.#(..........#
..#.###########.#
..#.............#
..#<............######
..#.#.............)..#
#...####++++###..###.#
[.####.hlhYhYY#..# #.#
#[)# #..hhYYHh#..# #.#
##(# #..hZhhhh#.@###.#
#.###....h...#.Y..#.#
#..##........#.##.#.#
##.###########'##.#.#
#.# #........#.#.#
###.# #.#......#.#.#
..#.# #.#......#.#.#
..#.## #.#......#...#
..#..# #.#......#####


You could see a yak.

Vanquished Creatures
  Menkaure (D:4)
  3 ogres
  A sky beast (D:6)
  2 centaurs
  2 scorpions
  5 killer bees
  A howler monkey (D:4)
  A bullfrog zombie (D:7)
  2 hounds
  A jelly (D:5)
  A centaur skeleton (D:6)
  An orc priest (D:2)
  A gnoll shaman (D:6)
  5 orc wizards
  Crazy Yiuf (D:7)
  Natasha (thrice) (D:3)
  An iguana (D:5)
  2 worker ants (D:6)
  5 adders
  9 gnolls
  A shadow imp (D:7)
  An ufetubus (D:6)
  An ooze (D:3)
  An adder skeleton (D:5)
  2 worms
  2 dart slugs
  2 leopard geckos
  18 orcs
  6 giant cockroaches
  7 goblins
  4 hobgoblins
  4 jackals (D:4)
  6 kobolds
  5 quokkas
  2 ball pythons
  5 bats (D:1)
  6 frilled lizards
  2 quokka skeletons
  6 rats
129 creatures vanquished.

Vanquished Creatures (collateral kills)
  Sigmund (D:3)
  An ice beast (D:3)
  2 orcs (D:3)
4 creatures vanquished.

Vanquished Creatures (others)
  A fungus (D:7)
1 creature vanquished.

Grand Total: 134 creatures vanquished

Notes
Turn   | Place    | Note
-------+----------+-------------------------------------------
     0 | D:1      | kaeus the Octopode Hedge Wizard began the quest for the
                  | Orb.
     0 | D:1      | Reached XP level 1. HP: 11/11 MP: 4/4
   181 | D:1      | Reached XP level 2. HP: 17/17 MP: 0/6
   346 | D:1      | Reached skill level 3 in Stealth
   686 | D:1      | Reached XP level 3. HP: 21/21 MP: 3/7
  1639 | D:2      | Reached XP level 4. HP: 24/27 MP: 4/8
  1767 | D:2      | Found a shimmering altar of Xom.
  1769 | D:2      | Found a blossoming altar of Fedhas.
  1769 | D:2      | Found a sparkling altar of Nemelex Xobeh.
  1771 | D:2      | Found a glowing golden altar of the Shining One.
  1771 | D:2      | Found an iron altar of Okawaru.
  1771 | D:2      | Found an ornate altar of the Wu Jian Council.
  1841 | D:2      | Found a hide-covered altar of Uskayaw.
  2610 | D:4      | Found Rauroman's Antique Weapon Emporium.
  2610 | D:4      | Noticed Natasha
  2960 | D:3      | Paralysed by a gnoll for 3 turns
  3211 | D:2      | Reached XP level 5. HP: 27/31 MP: 10/10
  3600 | D:2      | Reached skill level 4 in Stealth
  3600 | D:2      | Reached skill level 1 in Shields
  3882 | D:3      | Noticed an ice beast
  3925 | D:3      | Learned a level 2 spell: Call Imp
  3949 | D:3      | Learned a level 2 spell: Blink
  3952 | D:3      | Learned a level 2 spell: Slow
  3956 | D:3      | Learned a level 3 spell: Mephitic Cloud
  4108 | D:3      | Noticed Sigmund
  4131 | D:3      | Killed Sigmund
  4132 | D:3      | Reached XP level 6. HP: 13/36 MP: 9/11
  4432 | D:3      | Killed an ice beast
  4433 | D:3      | Reached skill level 1 in Air Magic
  4703 | D:4      | Reached skill level 1 in Hexes
  5272 | D:3      | Killed Natasha
  5469 | D:4      | Reached XP level 7. HP: 30/41 MP: 12/12
  5489 | D:4      | Noticed Menkaure
  5790 | D:3      | Noticed Natasha
  5797 | D:3      | Killed Natasha
  5927 | D:3      | Noticed Natasha
  5933 | D:3      | Killed Natasha
  7125 | D:4      | Killed Menkaure
  7126 | D:4      | Reached skill level 5 in Stealth
  7510 | D:5      | Entered Level 5 of the Dungeon
  8342 | D:4      | Reached XP level 8. HP: 18/46 MP: 14/14
  9182 | D:6      | Found an iron altar of Okawaru.
  9313 | D:6      | Reached skill level 6 in Stealth
 10162 | D:7      | Found a huge runed translucent gate.
 10162 | D:7      | Found a huge runed translucent gate.
 10162 | D:7      | Found a huge runed translucent gate.
 10162 | D:7      | Found a huge runed translucent gate.
 10162 | D:7      | Noticed a polar bear
 10162 | D:7      | Noticed a polar bear
 10162 | D:7      | Noticed a dream sheep
 10162 | D:7      | Noticed a polar bear
 10162 | D:7      | Noticed a dream sheep
 10162 | D:7      | Noticed a polar bear
 10163 | D:7      | Noticed a death yak
 10163 | D:7      | Noticed a death yak
 10163 | D:7      | Noticed a death yak
 10163 | D:7      | Noticed a manticore
 10163 | D:7      | Noticed a wyvern
 10163 | D:7      | Noticed a polar bear
 10210 | D:7      | Found a staircase to the Ecumenical Temple.
 10216 | Temple   | Entered the Ecumenical Temple
 10423 | D:6      | HP: 1/46 [killer bee (2)]
 10427 | D:6      | Reached XP level 9. HP: 24/51 MP: 16/16
 10683 | D:7      | Reached skill level 7 in Stealth
 10683 | D:7      | Reached skill level 5 in Spellcasting
 10881 | D:7      | Got an ancient rapier
 10882 | D:7      | Identified the +3 rapier "Pushatz" {vorpal, +Inv Str-5
                  | Int+2} (You found it on level 7 of the Dungeon)
 11132 | D:7      | Found a runed translucent door.
 11133 | D:7      | Noticed Crazy Yiuf
 11140 | D:7      | Killed Crazy Yiuf
 11510 | D:7      | Mangled by a yak

Illustrated notes

Levels and vault maps discovered:
D:1:      onia_arrival_pyramid, layout_loops_ring
D:2:      layout_basic, nicolae_overflow_crystal_walls, doesnt_xom_only_xom
D:3:      layout_rooms, uniq_sigmund
D:4:      layout_basic, serial_shops, nicolae_shop_stone, uniq_natasha,
          uniq_menkaure
D:5:      layout_layer_cave
D:6:      layout_basic, old_standard_altar
D:7:      lemuel_bear_cage, layout_basic, minmay_temple_entry_enclosed_plants,
          uniq_crazy_yiuf_cottage
D:8:      kennysheep_windowed_halls, layout_loops_corners,
          grunt_temple_overflow_open, nicolae_qazlal_general_emergency,
          basic_altar
Temple:   nicolae_temple_god_jail

Skill      XL: |  1  2  3  4  5  6  7  8  9 |
---------------+----------------------------+-----
Stealth        | 3 4 5 6 7 |  7.1
Conjurations   | 2 |  2.3
Summonings     | 2 |  2.2
Shields        | 1 2 3 4 |  4.0
Translocations | 2 3 4 |  4.5
Dodging        | 3 4 |  4.8
Air Magic      | 1 2 3 |  3.9
Hexes          | 1 2 |  2.0
Spellcasting   | 4 5 |  5.1

Action                   |  1- 3 |  4- 6 |  7- 9 || total
-------------------------+-------+-------+-------++-------
Melee: Dagger            |    33 |   105 |    19 ||   157
       Constrict         |     9 |    25 |    18 ||    52
       Tentacles         |     4 |    20 |    25 ||    49
       Unarmed           |       |     7 |       ||     7
       Short sword       |       |       |    94 ||    94
       Morningstar       |       |       |    13 ||    13
       Rapier            |       |       |    11 ||    11
 Cast: Magic Dart        |    57 |    73 |   166 ||   296
       Call Imp          |       |    14 |     8 ||    22
       Slow              |       |     1 |    12 ||    13
  Use: Scroll            |     1 |     3 |     8 ||    12
       Potion            |       |     1 |     3 ||     4
 Stab: Sleeping          |     2 |     1 |     1 ||     4
Armor: Skin              |     3 |    19 |    36 ||    58
Dodge: Dodged            |    20 |    62 |   115 ||   197
Block: Buckler           |     1 |    30 |    69 ||   100
